Americans vs Rampage
Created - Wednesday, January 22, 2025 at 03:20
Goals
|
Americans |
0 |
2 |
2 |
4 |
Rampage |
0 |
2 |
0 |
2 |
|
Shots
|
Americans |
4 |
7 |
5 |
16 |
Rampage |
2 |
9 |
13 |
24 |
|
1st period
No Goal
Penalties :
Ian Mitchell (RCH) for Tripping (Minor) at 0:38, Robin Salo (RCH) for Interference (Minor) at 4:48, Robin Salo (RCH) for Holding (Minor) at 16:29
2nd period
1. Americans , Josh Anderson 20 (Alex Turcotte 20) at 0:07 (PP)
2. Americans , Kristian Reichel 12 (Henry Thrun 34, Josh Anderson 50) at 9:02
3. Rampage , Hudson Fasching 13 (Max Sasson 21, Cole Koepke 24) at 15:32
4. Rampage , Max Sasson 18 (Hudson Fasching 26, Aaron Ness 12) at 15:57
Penalties :
Victor Soderstrom (SAR) for Holding (Minor) at 0:05, Dawson Barteaux (SAR) for Tripping (Minor) at 7:01, Ryder Rolston (SAR) for Interference (Minor) at 13:12, Ryder Rolston (SAR) for Interference (Minor) at 18:45
3rd period
5. Americans , Henry Thrun 21 (Joakim Kemell 24, Josh Anderson 51) at 0:19 (PP)
6. Americans , Carter Mazur 23 (Joakim Kemell 25) at 7:07
Penalties :
Cole Koepke (SAR) for Boarding (Minor) at 2:18, Henry Thrun (RCH) for Delaying the game (Minor) at 2:18, Josh Anderson (RCH) for Slashing (Double Minor) at 2:44, Joakim Kemell (RCH) for Holding (Minor) at 8:19, Rhett Gardner (SAR) for Hooking (Minor) at 12:28, Josh Anderson (RCH) for Holding (Minor) at 19:25
Goalie Stats
Adam Scheel (RCH), 22 saves from 24 shots - (0.917), W, 11-2-3, 60:00 minutes
Farm Goalie 1 (SAR), 2 saves from 2 shots - (1.000), 12:53 minutes
Michael Houser (SAR), 10 saves from 14 shots - (0.714), L, 15-13-0, 47:07 minutes
Players Stats for Americans
Player Name G A P +/- PIM S H SB GA TA FO MP PP MP PK MP
------------------------------------------------------------------------------------
Alex Turcotte 0 1 1 0 0 0 1 0 0 0 8/22 15:40 3:37 0:00
Carter Mazur 1 0 1 1 0 1 3 0 0 0 0/0 16:53 3:41 0:00
Dennis Cholowski 0 0 0 0 0 0 2 1 0 0 0/0 22:31 2:11 6:44
Henry Thrun 1 1 2 0 2 1 3 2 0 0 0/0 21:52 4:48 5:12
Ian Mitchell 0 0 0 0 2 0 1 2 0 0 0/0 18:29 0:34 3:48
Ivan Ivan 0 0 0 -1 0 0 1 0 0 0 14/28 18:24 0:00 6:51
Jack Thompson 0 0 0 0 0 0 0 0 0 0 0/0 19:06 1:11 4:04
Joakim Kemell 0 2 2 1 2 1 2 0 0 0 0/1 16:26 3:41 0:00
Jonathan Gruden 0 0 0 0 0 0 0 0 0 0 1/1 7:06 0:51 1:16
Josh Anderson 1 2 3 0 6 4 2 1 0 0 3/6 17:55 4:11 0:00
Kristian Reichel 1 0 1 -1 0 1 1 0 0 0 0/0 18:12 0:00 6:39
Martin Chromiak 0 0 0 0 0 0 0 0 0 0 0/0 8:43 0:17 3:12
Michael Vukojevic 0 0 0 0 0 0 1 0 0 0 0/0 19:02 0:00 4:24
Nikita Alexandrov 0 0 0 1 0 0 2 0 0 0 4/12 15:10 2:24 0:00
Robin Salo 0 0 0 0 4 2 2 1 0 0 0/0 13:57 2:11 0:24
Samuel Houde 0 0 0 0 0 0 0 0 0 0 0/1 2:10 1:14 0:41
Sheldon Rempal 0 0 0 0 0 1 0 0 0 0 0/0 15:12 3:35 0:00
Thomas Bordeleau 0 0 0 -1 0 5 0 0 0 0 1/1 18:37 3:19 5:08
Players Stats for Rampage
Player Name G A P +/- PIM S H SB GA TA FO MP PP MP PK MP
------------------------------------------------------------------------------------
Aaron Ness 0 1 1 0 0 0 0 0 0 0 0/0 15:01 0:42 0:40
Alex Green 0 0 0 1 0 0 1 1 0 0 0/0 16:37 2:55 1:22
Anthony Angello 0 0 0 0 0 0 0 0 0 0 0/0 0:36 0:00 0:00
Brad Hunt 0 0 0 0 0 2 0 3 0 0 0/0 25:23 4:19 4:03
Brad Malone 0 0 0 0 0 0 2 0 0 0 0/0 21:07 4:53 4:27
Caedan Bankier 0 0 0 0 0 0 0 0 0 0 1/1 2:51 1:43 1:05
Cole Koepke 0 1 1 0 2 2 2 0 0 0 9/16 20:58 4:42 0:00
Dawson Barteaux 0 0 0 -1 2 0 5 0 0 0 0/0 18:55 4:24 2:02
Hudson Fasching 1 1 2 0 0 7 1 0 0 0 0/2 16:11 2:06 0:00
Lucas Johansen 0 0 0 0 0 2 0 0 0 0 0/0 19:33 4:24 2:50
Luke Henman 0 0 0 0 0 0 0 0 0 0 0/0 0:00 0:00 0:00
Max Sasson 1 1 2 0 0 3 1 0 0 0 0/0 13:54 0:00 0:00
Michal Teply 0 0 0 0 0 1 0 0 0 0 9/12 20:59 4:09 3:00
Rhett Gardner 0 0 0 0 2 0 2 0 0 0 3/6 12:48 1:09 0:23
Ryan Suzuki 0 0 0 0 0 3 1 0 0 0 12/19 21:41 4:38 2:57
Ryder Rolston 0 0 0 0 4 0 0 0 0 0 1/2 17:29 4:53 1:14
Victor Soderstrom 0 0 0 0 2 0 1 4 0 0 0/0 25:06 5:08 4:09
Waltteri Merela 0 0 0 0 0 4 0 0 0 0 6/14 21:13 4:35 2:00
3 Stars
1 - Carter Mazur (RCH)
2 - Henry Thrun (RCH)
3 - Max Sasson (SAR)
Power Play
Americans - 2 on 5 Attempt(s) - 40.00%
Rampage - 0 on 7 Attempt(s) - 0.00%
Penalty Kill
Americans - 7 on 7 Attempt(s) - 100.00%
- Score 0 goal in Penalty Kill
Rampage - 3 on 5 Attempt(s) - 60.00%
- Score 0 goal in Penalty Kill
Team Stat
Americans - Hits : 21 - Faceoff Wins : 31 - Blocked Shots : 7 - Penalty Minutes : 16
Rampage - Hits : 16 - Faceoff Wins : 41 - Blocked Shots : 8 - Penalty Minutes : 12
Official
Referees : Mitch Dunning and Eric Furlatt
Linesman : Andrew Smith and Trent Knorr
Game Notes
Farm Goalie 1 enters game at 7:07 of 3rd period
Finance
Level 1 -- Attendance: 2000 (100.00%) -- Ticket Income $70,000
Level 2 -- Attendance: 970 (97.00%) -- Ticket Income $14,550
Total Attendance: 2970 (99.00%)
Total Ticket Income: $84,550
Other Income: $41,430
Total Income: $125,980
Americans
5 vs 5 Forward
Center Left Wing Right Wing Time % Phy DF OF
1 Alex Turcotte Sheldon Rempal Josh Anderson 31 1 1 3
2 Nikita Alexandrov Carter Mazur Joakim Kemell 30 0 1 4
3 Ivan Ivan Thomas Bordeleau Kristian Reichel 27 2 1 2
4 Josh Anderson Jonathan Gruden Martin Chromiak 12 2 2 1
5 vs 5 Defense
Defense Defense Time % Phy DF OF
1 Henry Thrun Ian Mitchell 32 1 2 2
2 Dennis Cholowski Robin Salo 30 1 2 2
3 Michael Vukojevic Jack Thompson 28 2 2 1
4 Dennis Cholowski Ian Mitchell 10 2 1 2
PowerPlay Forward
Center Left Wing Right Wing Time % Phy DF OF
1 Alex Turcotte Carter Mazur Joakim Kemell 60 1 0 4
2 Nikita Alexandrov Thomas Bordeleau Sheldon Rempal 40 1 0 4
PowerPlay Defense
Defense Defense Time % Phy DF OF
1 Henry Thrun Josh Anderson 60 1 1 3
2 Robin Salo Dennis Cholowski 40 1 1 3
Penalty Kill 4 Players Forward
Center Wing Time % Phy DF OF
1 Ivan Ivan Kristian Reichel 60 2 2 1
2 Thomas Bordeleau Martin Chromiak 40 2 2 1
Penalty Kill 4 Players Defense
Defense Defense Time % Phy DF OF
1 Dennis Cholowski Henry Thrun 60 2 3 0
2 Michael Vukojevic Ian Mitchell 40 2 3 0
Penalty Kill - 3 Players Forward
Forward Time % Phy DF OF
1 Ivan Ivan 60 2 2 1
2 Thomas Bordeleau 40 2 2 1
Penalty Kill - 3 Players Defense
Defense Defense Time % Phy DF OF
1 Dennis Cholowski Henry Thrun 60 2 3 0
2 Michael Vukojevic Ian Mitchell 40 2 3 0
4 vs 4 Forward
Center Wing Time % Phy DF OF
1 Alex Turcotte Carter Mazur 60 1 0 4
2 Nikita Alexandrov Joakim Kemell 40 1 0 4
4 vs 4 Defense
Defense Defense Time % Phy DF OF
1 Robin Salo Josh Anderson 60 1 1 3
2 Sheldon Rempal Dennis Cholowski 40 1 1 3
Last Minutes Offensive
Center Left Wing Right Wing Defense Defense
Alex Turcotte Josh Anderson Joakim Kemell Henry Thrun Ian Mitchell
Last Minutes Defensive
Center Left Wing Right Wing Defense Defense
Thomas Bordeleau Sheldon Rempal Kristian Reichel Dennis Cholowski Ian Mitchell
Goaltenders
Starting : Adam Scheel
Backup : Trent Miner
Extra Forwards
Normal : Joakim Kemell, Josh Anderson, Sheldon Rempal - PP : Sheldon Rempal, Joakim Kemell - PK : Thomas Bordeleau
Extra Defensemen
Normal : Michael Vukojevic, Henry Thrun, Ian Mitchell - PP : Robin Salo - PK : Henry Thrun, Ian Mitchell
Penalty Shots
Joakim Kemell, Carter Mazur, Sheldon Rempal, Kristian Reichel, Ivan Ivan
Custom OT Lines Forwards
Alex Turcotte, Josh Anderson, Thomas Bordeleau, Joakim Kemell, Nikita Alexandrov, Carter Mazur, Ivan Ivan, Sheldon Rempal, Martin Chromiak, Kristian Reichel
Custom OT Lines Defensemen
Henry Thrun, Ian Mitchell, Dennis Cholowski, Michael Vukojevic, Robin Salo
Scratches
Mattias Norlinder (Healthy), Jason Polin (Healthy), David Spacek (Healthy), Jakub Demek (Healthy), Amadeus Lombardi (Healthy)
Maxim Cajkovic (Healthy), Robert Mastrosimone (Healthy), Libor Hajek (Healthy), Xavier Parent (Healthy), Travis Mitchell (Healthy)
Josiah Slavin (Healthy), Hunter Skinner (Right Hip Injury), Oskari Salminen (Healthy), Strauss Mann (Healthy), Jacob Ingham (Healthy)
Hunter Jones (Healthy)
Rampage
5 vs 5 Forward
Center Left Wing Right Wing Time % Phy DF OF
1 Cole Koepke Hudson Fasching Max Sasson 25 1 2 2
2 Ryan Suzuki Brad Malone Ryder Rolston 25 1 2 2
3 Rhett Gardner Michal Teply Waltteri Merela 25 1 2 2
4 Cole Koepke Ryan Suzuki Waltteri Merela 25 1 2 2
5 vs 5 Defense
Defense Defense Time % Phy DF OF
1 Brad Hunt Victor Soderstrom 25 1 2 2
2 Dawson Barteaux Lucas Johansen 25 1 2 2
3 Aaron Ness Alex Green 25 1 2 2
4 Brad Hunt Victor Soderstrom 25 1 2 2
PowerPlay Forward
Center Left Wing Right Wing Time % Phy DF OF
1 Waltteri Merela Cole Koepke Michal Teply 60 1 2 2
2 Ryan Suzuki Brad Malone Ryder Rolston 40 1 2 2
PowerPlay Defense
Defense Defense Time % Phy DF OF
1 Brad Hunt Victor Soderstrom 60 1 2 2
2 Dawson Barteaux Lucas Johansen 40 1 2 2
Penalty Kill 4 Players Forward
Center Wing Time % Phy DF OF
1 Michal Teply Waltteri Merela 60 1 2 2
2 Ryan Suzuki Brad Malone 40 1 2 2
Penalty Kill 4 Players Defense
Defense Defense Time % Phy DF OF
1 Brad Hunt Victor Soderstrom 60 1 2 2
2 Dawson Barteaux Lucas Johansen 40 1 2 2
Penalty Kill - 3 Players Forward
Forward Time % Phy DF OF
1 Ryan Suzuki 60 1 2 2
2 Waltteri Merela 40 1 2 2
Penalty Kill - 3 Players Defense
Defense Defense Time % Phy DF OF
1 Brad Hunt Victor Soderstrom 60 1 2 2
2 Dawson Barteaux Lucas Johansen 40 1 2 2
4 vs 4 Forward
Center Wing Time % Phy DF OF
1 Waltteri Merela Brad Malone 60 1 2 2
2 Ryan Suzuki Michal Teply 40 1 2 2
4 vs 4 Defense
Defense Defense Time % Phy DF OF
1 Brad Hunt Victor Soderstrom 60 1 2 2
2 Dawson Barteaux Lucas Johansen 40 1 2 2
Last Minutes Offensive
Center Left Wing Right Wing Defense Defense
Cole Koepke Hudson Fasching Waltteri Merela Brad Hunt Victor Soderstrom
Last Minutes Defensive
Center Left Wing Right Wing Defense Defense
Cole Koepke Hudson Fasching Waltteri Merela Brad Hunt Victor Soderstrom
Goaltenders
Starting : Michael Houser
Backup : Farm Goalie 1
Extra Forwards
Normal : Ryan Suzuki, Michal Teply, Waltteri Merela - PP : Ryan Suzuki, Michal Teply - PK : Ryan Suzuki
Extra Defensemen
Normal : Brad Hunt, Alex Green, Dawson Barteaux - PP : Victor Soderstrom - PK : Alex Green, Dawson Barteaux
Penalty Shots
Cole Koepke, Waltteri Merela, Ryan Suzuki, Michal Teply, Brad Malone
Custom OT Lines Forwards
Cole Koepke, Max Sasson, Ryan Suzuki, Hudson Fasching, Brad Malone, Ryder Rolston, Michal Teply, Rhett Gardner, Waltteri Merela, Caedan Bankier
Custom OT Lines Defensemen
Brad Hunt, Victor Soderstrom, Dawson Barteaux, Lucas Johansen, Alex Green
Scratches
Jayden Grubbe (Healthy), Riley Kidney (Healthy), Quinn Schmiemann (Healthy), Justin Addamo (Healthy), Nolan Yaremko (Healthy)
Tanner Kaspick (Healthy)
% Time on Ice - Americans
Lines # - Real PCT - Wanted PCT - Time Play
Normal Forward
1 - 29% - 31% - 11:37
2 - 32% - 30% - 12:46
3 - 29% - 27% - 11:33
4 - 9% - 12% - 3:36
Normal Defense
1 - 30% - 32% - 11:53
2 - 28% - 30% - 10:58
3 - 33% - 28% - 12:58
4 - 9% - 10% - 3:43
PP Forward
1 - 52% - 60% - 3:55
2 - 48% - 40% - 3:38
PP Defense
1 - 71% - 60% - 5:22
2 - 29% - 40% - 2:11
PK Forward
1 - 71% - 60% - 7:45
2 - 29% - 40% - 3:11
PK Defense
1 - 58% - 60% - 6:18
2 - 42% - 40% - 4:38
PK3 Forward
1 - 71% - 60% - 1:06
2 - 29% - 40% - 0:27
PK3 Defense
1 - 78% - 60% - 1:13
2 - 22% - 40% - 0:20
44 Forward
1 - 100% - 60% - 0:26
2 - 0% - 40% - 0:00
44 Defense
1 - 100% - 60% - 0:26
2 - 0% - 40% - 0:00
Last Minute Offensive - 0:00
Last Minute Defensive - 0:00
Total
Forward - 60:00
Defense - 60:00
|
% Time on Ice - Rampage
Lines # - Real PCT - Wanted PCT - Time Play
Normal Forward
1 - 35% - 25% - 13:54
2 - 29% - 25% - 11:24
3 - 29% - 25% - 11:17
4 - 7% - 25% - 2:57
Normal Defense
1 - 18% - 25% - 7:12
2 - 27% - 25% - 10:45
3 - 36% - 25% - 14:04
4 - 19% - 25% - 7:31
PP Forward
1 - 49% - 60% - 5:21
2 - 51% - 40% - 5:35
PP Defense
1 - 60% - 60% - 6:32
2 - 40% - 40% - 4:24
PK Forward
1 - 69% - 60% - 5:14
2 - 31% - 40% - 2:19
PK Defense
1 - 62% - 60% - 4:43
2 - 38% - 40% - 2:50
PK3 Forward
1 - 0% - 60%
2 - 0% - 40%
PK3 Defense
1 - 0% - 60%
2 - 0% - 40%
44 Forward
1 - 50% - 60% - 1:00
2 - 50% - 40% - 0:59
44 Defense
1 - 71% - 60% - 1:25
2 - 29% - 40% - 0:34
Last Minute Offensive - 0:00
Last Minute Defensive - 0:00
Total
Forward - 60:00
Defense - 60:00
|
Play-by-Play
1st period
0:01 of 1st period - Alex Turcotte wins face-off versus Cole Koepke in neutral zone.
0:38 of 1st period - Minor Penalty to Ian Mitchell for Tripping.
0:39 of 1st period - Ryan Suzuki wins face-off versus Ivan Ivan in Americans zone.
1:38 of 1st period - Shot by Michal Teply.
1:38 of 1st period - Shot Misses the Net.
1:40 of 1st period - Shot by Victor Soderstrom.
1:40 of 1st period - Shot Misses the Net.
2:25 of 1st period - Icing by Brad Malone.
2:26 of 1st period - Ivan Ivan wins face-off versus Ryan Suzuki in Rampage zone.
2:41 of 1st period - Robin Salo is hit by Cole Koepke and loses puck.
3:54 of 1st period - Shot by Waltteri Merela.
3:54 of 1st period - Shot Blocked by Ian Mitchell.
4:22 of 1st period - Shot by Kristian Reichel.
4:22 of 1st period - Shot Blocked by Brad Hunt.
4:28 of 1st period - Shot by Thomas Bordeleau.
4:28 of 1st period - Stopped by Michael Houser without a rebound.
4:29 of 1st period - Nikita Alexandrov wins face-off versus Ryan Suzuki in Rampage zone.
4:40 of 1st period - Robin Salo is hit by Brad Malone and loses puck.
4:48 of 1st period - Minor Penalty to Robin Salo for Interference.
4:49 of 1st period - Ivan Ivan wins face-off versus Ryan Suzuki in Americans zone.
6:41 of 1st period - Icing by Aaron Ness.
6:42 of 1st period - Caedan Bankier wins face-off versus Ivan Ivan in Rampage zone.
6:51 of 1st period - Shot by Brad Malone.
6:51 of 1st period - Shot Misses the Net.
7:15 of 1st period - Shot by Carter Mazur.
7:15 of 1st period - Shot Misses the Net.
7:17 of 1st period - Shot by Robin Salo.
7:17 of 1st period - Shot Misses the Net.
8:37 of 1st period - Shot by Thomas Bordeleau.
8:37 of 1st period - Shot Misses the Net.
8:47 of 1st period - Shot by Thomas Bordeleau.
8:47 of 1st period - Stopped by Michael Houser with a rebound.
8:49 of 1st period - Shot by Thomas Bordeleau.
8:49 of 1st period - Stopped by Michael Houser without a rebound.
8:50 of 1st period - Nikita Alexandrov wins face-off versus Rhett Gardner in Rampage zone.
8:55 of 1st period - Shot by Carter Mazur.
8:55 of 1st period - Shot Misses the Net.
9:27 of 1st period - Rhett Gardner is hit by Dennis Cholowski and loses puck.
10:03 of 1st period - Shot by Thomas Bordeleau.
10:03 of 1st period - Stopped by Michael Houser without a rebound.
10:04 of 1st period - Jonathan Gruden wins face-off versus Cole Koepke in Rampage zone.
10:13 of 1st period - Shot by Jonathan Gruden.
10:13 of 1st period - Shot Hit the Post.
10:25 of 1st period - Shot by Max Sasson.
10:25 of 1st period - Deflect By Cole Koepke.
10:25 of 1st period - Shot Misses the Net.
10:47 of 1st period - Icing by Michael Vukojevic.
10:48 of 1st period - Josh Anderson wins face-off versus Ryan Suzuki in Americans zone.
12:12 of 1st period - Shot by Cole Koepke.
12:12 of 1st period - Stopped by Adam Scheel without a rebound.
12:13 of 1st period - Michal Teply wins face-off versus Nikita Alexandrov in Americans zone.
12:25 of 1st period - Waltteri Merela is hit by Robin Salo and loses puck.
12:40 of 1st period - Shot by Nikita Alexandrov.
12:40 of 1st period - Shot Misses the Net.
15:01 of 1st period - Shot by Victor Soderstrom.
15:01 of 1st period - Shot Misses the Net.
15:18 of 1st period - Icing by Rhett Gardner.
15:19 of 1st period - Rhett Gardner wins face-off versus Nikita Alexandrov in Rampage zone.
15:19 of 1st period - Rhett Gardner is hit by Carter Mazur.
16:20 of 1st period - Off-side.
16:21 of 1st period - Ivan Ivan wins face-off versus Waltteri Merela in neutral zone.
16:29 of 1st period - Minor Penalty to Robin Salo for Holding.
16:30 of 1st period - Ivan Ivan wins face-off versus Waltteri Merela in Americans zone.
16:43 of 1st period - Shot by Cole Koepke.
16:43 of 1st period - Stopped by Adam Scheel with a rebound.
17:19 of 1st period - Shot by Ryan Suzuki.
17:19 of 1st period - Shot Blocked by Ian Mitchell.
18:57 of 1st period - Shot by Rhett Gardner.
18:57 of 1st period - Shot Misses the Net.
19:33 of 1st period - Off-side.
19:34 of 1st period - Rhett Gardner wins face-off versus Josh Anderson in neutral zone.
19:34 of 1st period - Rhett Gardner is hit by Josh Anderson.
Goals for this period are 0 for Americans vs 0 for Rampage.
Shots for this period are 4 for Americans vs 2 for Rampage.
2nd period
0:01 of 2nd period - Ivan Ivan wins face-off versus Cole Koepke in neutral zone.
0:05 of 2nd period - Minor Penalty to Victor Soderstrom for Holding.
0:06 of 2nd period - Alex Turcotte wins face-off versus Michal Teply in Rampage zone.
0:07 of 2nd period - Shot by Josh Anderson.
0:07 of 2nd period - Goal by Josh Anderson - Americans : 1 - Rampage : 0.
0:08 of 2nd period - Cole Koepke wins face-off versus Ivan Ivan in neutral zone.
0:21 of 2nd period - Brad Hunt is hit by Ivan Ivan and loses puck.
1:03 of 2nd period - Shot by Nikita Alexandrov.
1:03 of 2nd period - Shot Blocked by Brad Hunt.
1:05 of 2nd period - Shot by Carter Mazur.
1:05 of 2nd period - Shot Misses the Net.
1:13 of 2nd period - Shot by Joakim Kemell.
1:13 of 2nd period - Stopped by Michael Houser without a rebound.
1:14 of 2nd period - Michal Teply wins face-off versus Alex Turcotte in Rampage zone.
1:24 of 2nd period - Alex Turcotte is hit by Dawson Barteaux and loses puck.
1:27 of 2nd period - Shot by Robin Salo.
1:27 of 2nd period - Shot Misses the Net.
1:29 of 2nd period - Shot by Josh Anderson.
1:29 of 2nd period - Stopped by Michael Houser with a rebound.
1:31 of 2nd period - Shot by Robin Salo.
1:31 of 2nd period - Stopped by Michael Houser without a rebound.
1:32 of 2nd period - Michal Teply wins face-off versus Joakim Kemell in Rampage zone.
2:47 of 2nd period - Shot by Ivan Ivan.
2:47 of 2nd period - Shot Misses the Net.
2:49 of 2nd period - Shot by Ivan Ivan.
2:49 of 2nd period - Shot Misses the Net.
3:07 of 2nd period - Shot by Cole Koepke.
3:07 of 2nd period - Shot Hit the Post.
3:23 of 2nd period - Shot by Cole Koepke.
3:23 of 2nd period - Deflect By Max Sasson.
3:23 of 2nd period - Stopped by Adam Scheel with a rebound.
3:25 of 2nd period - Shot by Cole Koepke.
3:25 of 2nd period - Shot Misses the Net.
3:27 of 2nd period - Shot by Hudson Fasching.
3:27 of 2nd period - Shot Misses the Net.
3:53 of 2nd period - Shot by Waltteri Merela.
3:53 of 2nd period - Shot Blocked by Josh Anderson.
4:24 of 2nd period - Icing by Josh Anderson.
4:25 of 2nd period - Rhett Gardner wins face-off versus Alex Turcotte in Americans zone.
4:41 of 2nd period - Rhett Gardner is hit by Robin Salo and loses puck.
4:54 of 2nd period - Shot by Brad Hunt.
4:54 of 2nd period - Stopped by Adam Scheel without a rebound.
4:55 of 2nd period - Ryan Suzuki wins face-off versus Ivan Ivan in Americans zone.
5:10 of 2nd period - Shot by Hudson Fasching.
5:10 of 2nd period - Stopped by Adam Scheel without a rebound.
5:11 of 2nd period - Cole Koepke wins face-off versus Nikita Alexandrov in Americans zone.
5:39 of 2nd period - Icing by Nikita Alexandrov.
5:40 of 2nd period - Ryan Suzuki wins face-off versus Nikita Alexandrov in Americans zone.
6:27 of 2nd period - Ivan Ivan is hit by Dawson Barteaux and loses puck.
6:51 of 2nd period - Michael Vukojevic is hit by Rhett Gardner and loses puck.
6:57 of 2nd period - Jonathan Gruden is hit by Dawson Barteaux and loses puck.
7:01 of 2nd period - Minor Penalty to Dawson Barteaux for Tripping.
7:02 of 2nd period - Michal Teply wins face-off versus Alex Turcotte in Rampage zone.
7:13 of 2nd period - Shot by Josh Anderson.
7:13 of 2nd period - Shot Blocked by Victor Soderstrom.
7:15 of 2nd period - Shot by Josh Anderson.
7:15 of 2nd period - Shot Misses the Net.
7:17 of 2nd period - Shot by Henry Thrun.
7:17 of 2nd period - Shot Misses the Net.
7:19 of 2nd period - Shot by Henry Thrun.
7:19 of 2nd period - Shot Misses the Net.
7:21 of 2nd period - Shot by Henry Thrun.
7:21 of 2nd period - Shot Blocked by Brad Hunt.
7:23 of 2nd period - Shot by Joakim Kemell.
7:23 of 2nd period - Shot Blocked by Victor Soderstrom.
7:59 of 2nd period - Caedan Bankier is hit by Nikita Alexandrov and loses puck.
9:00 of 2nd period - Shot by Henry Thrun.
9:00 of 2nd period - Shot Misses the Net.
9:02 of 2nd period - Shot by Kristian Reichel.
9:02 of 2nd period - Goal by Kristian Reichel - Americans : 2 - Rampage : 0.
9:03 of 2nd period - Ivan Ivan wins face-off versus Cole Koepke in neutral zone.
9:03 of 2nd period - Ivan Ivan is hit by Max Sasson.
10:22 of 2nd period - Off-side.
10:23 of 2nd period - Alex Turcotte wins face-off versus Cole Koepke in neutral zone.
10:28 of 2nd period - Shot by Josh Anderson.
10:28 of 2nd period - Stopped by Michael Houser without a rebound.
10:29 of 2nd period - Cole Koepke wins face-off versus Alex Turcotte in Rampage zone.
10:38 of 2nd period - Shot by Cole Koepke.
10:38 of 2nd period - Shot Blocked by Henry Thrun.
10:40 of 2nd period - Shot by Hudson Fasching.
10:40 of 2nd period - Stopped by Adam Scheel with a rebound.
10:42 of 2nd period - Shot by Max Sasson.
10:42 of 2nd period - Stopped by Adam Scheel without a rebound.
10:43 of 2nd period - Ryan Suzuki wins face-off versus Ivan Ivan in Americans zone.
11:02 of 2nd period - Shot by Thomas Bordeleau.
11:02 of 2nd period - Stopped by Michael Houser without a rebound.
11:03 of 2nd period - Cole Koepke wins face-off versus Alex Turcotte in Rampage zone.
11:27 of 2nd period - Shot by Josh Anderson.
11:27 of 2nd period - Deflect By Sheldon Rempal.
11:27 of 2nd period - Shot Misses the Net.
11:33 of 2nd period - Shot by Alex Turcotte.
11:33 of 2nd period - Shot Misses the Net.
11:35 of 2nd period - Shot by Sheldon Rempal.
11:35 of 2nd period - Shot Misses the Net.
11:55 of 2nd period - Icing by Victor Soderstrom.
11:56 of 2nd period - Cole Koepke wins face-off versus Nikita Alexandrov in Rampage zone.
11:56 of 2nd period - Cole Koepke is hit by Joakim Kemell.
12:17 of 2nd period - Rhett Gardner is hit by Henry Thrun and loses puck.
12:20 of 2nd period - Shot by Waltteri Merela.
12:20 of 2nd period - Shot Misses the Net.
12:29 of 2nd period - Nikita Alexandrov is hit by Dawson Barteaux and loses puck.
12:33 of 2nd period - Icing by Waltteri Merela.
12:34 of 2nd period - Ivan Ivan wins face-off versus Rhett Gardner in Rampage zone.
13:12 of 2nd period - Minor Penalty to Ryder Rolston for Interference.
13:13 of 2nd period - Michal Teply wins face-off versus Alex Turcotte in Rampage zone.
13:13 of 2nd period - Michal Teply is hit by Joakim Kemell.
14:03 of 2nd period - Icing by Josh Anderson.
14:04 of 2nd period - Michal Teply wins face-off versus Alex Turcotte in Americans zone.
14:08 of 2nd period - Icing by Henry Thrun.
14:09 of 2nd period - Alex Turcotte wins face-off versus Michal Teply in Americans zone.
14:20 of 2nd period - Waltteri Merela is hit by Alex Turcotte and loses puck.
15:30 of 2nd period - Shot by Max Sasson.
15:30 of 2nd period - Shot Misses the Net.
15:32 of 2nd period - Shot by Hudson Fasching.
15:32 of 2nd period - Goal by Hudson Fasching - Americans : 2 - Rampage : 1.
15:33 of 2nd period - Cole Koepke wins face-off versus Josh Anderson in neutral zone.
15:41 of 2nd period - Off-side.
15:42 of 2nd period - Cole Koepke wins face-off versus Ivan Ivan in neutral zone.
15:42 of 2nd period - Hudson Fasching is hit by Kristian Reichel and loses puck.
15:55 of 2nd period - Shot by Hudson Fasching.
15:55 of 2nd period - Stopped by Adam Scheel with a rebound.
15:57 of 2nd period - Shot by Max Sasson.
15:57 of 2nd period - Goal by Max Sasson - Americans : 2 - Rampage : 2.
15:58 of 2nd period - Michal Teply wins face-off versus Alex Turcotte in neutral zone.
16:21 of 2nd period - Shot by Michal Teply.
16:21 of 2nd period - Shot Blocked by Dennis Cholowski.
16:36 of 2nd period - Lucas Johansen is hit by Josh Anderson.
17:05 of 2nd period - Icing by Brad Hunt.
17:06 of 2nd period - Ryan Suzuki wins face-off versus Nikita Alexandrov in Rampage zone.
17:06 of 2nd period - Ryan Suzuki is hit by Nikita Alexandrov.
17:18 of 2nd period - Carter Mazur is hit by Ryan Suzuki and loses puck.
18:40 of 2nd period - Shot by Rhett Gardner.
18:40 of 2nd period - Shot Misses the Net.
18:42 of 2nd period - Shot by Lucas Johansen.
18:42 of 2nd period - Shot Blocked by Robin Salo.
18:44 of 2nd period - Shot by Lucas Johansen.
18:44 of 2nd period - Stopped by Adam Scheel without a rebound.
18:45 of 2nd period - Josh Anderson wins face-off versus Ryder Rolston in Americans zone.
18:45 of 2nd period - Minor Penalty to Ryder Rolston for Interference.
18:46 of 2nd period - Michal Teply wins face-off versus Alex Turcotte in Rampage zone.
18:57 of 2nd period - Michal Teply is hit by Carter Mazur and loses puck.
Goals for this period are 2 for Americans vs 2 for Rampage.
Shots for this period are 7 for Americans vs 9 for Rampage.
3rd period
0:01 of 3rd period - Michal Teply wins face-off versus Alex Turcotte in neutral zone.
0:09 of 3rd period - Icing by Henry Thrun.
0:10 of 3rd period - Alex Turcotte wins face-off versus Michal Teply in Americans zone.
0:17 of 3rd period - Shot by Henry Thrun.
0:17 of 3rd period - Deflect By Joakim Kemell.
0:17 of 3rd period - Shot Blocked by Victor Soderstrom.
0:19 of 3rd period - Shot by Henry Thrun.
0:19 of 3rd period - Goal by Henry Thrun - Americans : 3 - Rampage : 2.
0:20 of 3rd period - Ryder Rolston wins face-off versus Ivan Ivan in neutral zone.
0:23 of 3rd period - Shot by Ryan Suzuki.
0:23 of 3rd period - Stopped by Adam Scheel without a rebound.
0:24 of 3rd period - Waltteri Merela wins face-off versus Nikita Alexandrov in Americans zone.
0:31 of 3rd period - Shot by Waltteri Merela.
0:31 of 3rd period - Stopped by Adam Scheel without a rebound.
0:32 of 3rd period - Waltteri Merela wins face-off versus Alex Turcotte in Americans zone.
0:32 of 3rd period - Victor Soderstrom is hit by Henry Thrun and loses puck.
0:37 of 3rd period - Shot by Waltteri Merela.
0:37 of 3rd period - Shot Misses the Net.
0:39 of 3rd period - Shot by Waltteri Merela.
0:39 of 3rd period - Stopped by Adam Scheel without a rebound.
0:40 of 3rd period - Cole Koepke wins face-off versus Nikita Alexandrov in Americans zone.
1:06 of 3rd period - Off-side.
1:07 of 3rd period - Alex Turcotte wins face-off versus Cole Koepke in neutral zone.
1:20 of 3rd period - Shot by Josh Anderson.
1:20 of 3rd period - Stopped by Michael Houser without a rebound.
1:21 of 3rd period - Ryan Suzuki wins face-off versus Ivan Ivan in Rampage zone.
1:45 of 3rd period - Shot by Brad Malone.
1:45 of 3rd period - Shot Misses the Net.
1:47 of 3rd period - Shot by Ryan Suzuki.
1:47 of 3rd period - Shot Misses the Net.
1:49 of 3rd period - Shot by Ryder Rolston.
1:49 of 3rd period - Shot Misses the Net.
2:17 of 3rd period - Icing by Ian Mitchell.
2:18 of 3rd period - Nikita Alexandrov wins face-off versus Hudson Fasching in Americans zone.
2:18 of 3rd period - Minor Penalty to Cole Koepke for Boarding.
2:18 of 3rd period - Minor Penalty to Henry Thrun for Delaying the game.
2:19 of 3rd period - Waltteri Merela wins face-off versus Alex Turcotte in Americans zone.
2:26 of 3rd period - Shot by Carter Mazur.
2:26 of 3rd period - Shot Blocked by Victor Soderstrom.
2:29 of 3rd period - Icing by Waltteri Merela.
2:30 of 3rd period - Alex Turcotte wins face-off versus Waltteri Merela in Rampage zone.
2:44 of 3rd period - Double Minor Penalty to Josh Anderson for Slashing.
2:45 of 3rd period - Waltteri Merela wins face-off versus Ivan Ivan in Americans zone.
3:10 of 3rd period - Shot by Brad Malone.
3:10 of 3rd period - Deflect By Waltteri Merela.
3:10 of 3rd period - Shot Misses the Net.
3:52 of 3rd period - Shot by Michal Teply.
3:52 of 3rd period - Stopped by Adam Scheel with a rebound.
5:10 of 3rd period - Off-side.
5:11 of 3rd period - Ryan Suzuki wins face-off versus Ivan Ivan in neutral zone.
5:34 of 3rd period - Icing by Brad Malone.
5:35 of 3rd period - Ivan Ivan wins face-off versus Ryan Suzuki in Rampage zone.
5:55 of 3rd period - Off-side.
5:56 of 3rd period - Waltteri Merela wins face-off versus Ivan Ivan in neutral zone.
6:15 of 3rd period - Shot by Lucas Johansen.
6:15 of 3rd period - Stopped by Adam Scheel without a rebound.
6:16 of 3rd period - Ivan Ivan wins face-off versus Waltteri Merela in Americans zone.
6:16 of 3rd period - Ivan Ivan is hit by Cole Koepke.
6:40 of 3rd period - Michal Teply is hit by Henry Thrun and loses puck.
6:56 of 3rd period - Joakim Kemell is hit by Hudson Fasching and loses puck.
7:07 of 3rd period - Shot by Carter Mazur.
7:07 of 3rd period - Goal by Carter Mazur - Americans : 4 - Rampage : 2.
7:07 of 3rd period - Farm Goalie 1 enters game.
7:08 of 3rd period - Ryan Suzuki wins face-off versus Alex Turcotte in neutral zone.
8:02 of 3rd period - Shot by Max Sasson.
8:02 of 3rd period - Shot Misses the Net.
8:15 of 3rd period - Brad Hunt is hit by Michael Vukojevic and loses puck.
8:19 of 3rd period - Minor Penalty to Joakim Kemell for Holding.
8:20 of 3rd period - Ivan Ivan wins face-off versus Waltteri Merela in Americans zone.
9:10 of 3rd period - Shot by Brad Hunt.
9:10 of 3rd period - Stopped by Adam Scheel without a rebound.
9:11 of 3rd period - Ivan Ivan wins face-off versus Ryan Suzuki in Americans zone.
9:37 of 3rd period - Off-side.
9:38 of 3rd period - Thomas Bordeleau wins face-off versus Waltteri Merela in neutral zone.
10:00 of 3rd period - Shot by Waltteri Merela.
10:00 of 3rd period - Stopped by Adam Scheel without a rebound.
10:01 of 3rd period - Ryan Suzuki wins face-off versus Ivan Ivan in Americans zone.
10:04 of 3rd period - Shot by Ryder Rolston.
10:04 of 3rd period - Shot Misses the Net.
10:24 of 3rd period - Shot by Hudson Fasching.
10:24 of 3rd period - Stopped by Adam Scheel without a rebound.
10:25 of 3rd period - Cole Koepke wins face-off versus Alex Turcotte in Americans zone.
10:42 of 3rd period - Shot by Robin Salo.
10:42 of 3rd period - Stopped by Farm Goalie 1 with a rebound.
10:44 of 3rd period - Shot by Sheldon Rempal.
10:44 of 3rd period - Stopped by Farm Goalie 1 with a rebound.
10:48 of 3rd period - Shot by Josh Anderson.
10:48 of 3rd period - Shot Misses the Net.
10:50 of 3rd period - Shot by Robin Salo.
10:50 of 3rd period - Deflect By Sheldon Rempal.
10:50 of 3rd period - Shot Misses the Net.
10:52 of 3rd period - Shot by Josh Anderson.
10:52 of 3rd period - Shot Blocked by Alex Green.
10:54 of 3rd period - Shot by Dennis Cholowski.
10:54 of 3rd period - Shot Misses the Net.
11:30 of 3rd period - Brad Hunt is hit by Carter Mazur and loses puck.
12:16 of 3rd period - Thomas Bordeleau is hit by Victor Soderstrom and loses puck.
12:28 of 3rd period - Minor Penalty to Rhett Gardner for Hooking.
12:29 of 3rd period - Ryan Suzuki wins face-off versus Samuel Houde in Rampage zone.
13:29 of 3rd period - Shot by Carter Mazur.
13:29 of 3rd period - Shot Misses the Net.
13:34 of 3rd period - Joakim Kemell is hit by Alex Green and loses puck.
14:44 of 3rd period - Icing by Hudson Fasching.
14:45 of 3rd period - Josh Anderson wins face-off versus Cole Koepke in Rampage zone.
14:48 of 3rd period - Shot by Josh Anderson.
14:48 of 3rd period - Shot Misses the Net.
14:55 of 3rd period - Hudson Fasching is hit by Dennis Cholowski and loses puck.
15:11 of 3rd period - Rhett Gardner is hit by Ian Mitchell and loses puck.
15:25 of 3rd period - Icing by Josh Anderson.
15:26 of 3rd period - Ryan Suzuki wins face-off versus Josh Anderson in Americans zone.
16:36 of 3rd period - Shot by Hudson Fasching.
16:36 of 3rd period - Stopped by Adam Scheel without a rebound.
16:37 of 3rd period - Waltteri Merela wins face-off versus Ivan Ivan in Americans zone.
16:38 of 3rd period - Shot by Rhett Gardner.
16:38 of 3rd period - Shot Misses the Net.
16:40 of 3rd period - Shot by Waltteri Merela.
16:40 of 3rd period - Shot Misses the Net.
16:42 of 3rd period - Shot by Michal Teply.
16:42 of 3rd period - Shot Blocked by Henry Thrun.
16:44 of 3rd period - Shot by Rhett Gardner.
16:44 of 3rd period - Deflect By Waltteri Merela.
16:44 of 3rd period - Shot Misses the Net.
16:46 of 3rd period - Shot by Waltteri Merela.
16:46 of 3rd period - Stopped by Adam Scheel without a rebound.
16:47 of 3rd period - Ivan Ivan wins face-off versus Hudson Fasching in Americans zone.
16:56 of 3rd period - Shot by Hudson Fasching.
16:56 of 3rd period - Stopped by Adam Scheel with a rebound.
16:58 of 3rd period - Shot by Max Sasson.
16:58 of 3rd period - Shot Misses the Net.
17:00 of 3rd period - Shot by Cole Koepke.
17:00 of 3rd period - Shot Misses the Net.
17:55 of 3rd period - Icing by Michael Vukojevic.
17:56 of 3rd period - Ivan Ivan wins face-off versus Ryan Suzuki in Americans zone.
17:56 of 3rd period - Ivan Ivan is hit by Brad Malone.
18:32 of 3rd period - Shot by Ryan Suzuki.
18:32 of 3rd period - Stopped by Adam Scheel without a rebound.
18:33 of 3rd period - Alex Turcotte wins face-off versus Waltteri Merela in Americans zone.
18:33 of 3rd period - Alex Turcotte is hit by Rhett Gardner.
18:46 of 3rd period - Icing by Lucas Johansen.
18:47 of 3rd period - Nikita Alexandrov wins face-off versus Rhett Gardner in Rampage zone.
18:51 of 3rd period - Carter Mazur is hit by Dawson Barteaux and loses puck.
19:10 of 3rd period - Shot by Carter Mazur.
19:10 of 3rd period - Deflect By Joakim Kemell.
19:10 of 3rd period - Shot Misses the Net.
19:25 of 3rd period - Minor Penalty to Josh Anderson for Holding.
19:26 of 3rd period - Ryan Suzuki wins face-off versus Ivan Ivan in Americans zone.
19:52 of 3rd period - Shot by Ryan Suzuki.
19:52 of 3rd period - Stopped by Adam Scheel without a rebound.
19:53 of 3rd period - Ivan Ivan wins face-off versus Waltteri Merela in Americans zone.
Goals for this period are 2 for Americans vs 0 for Rampage.
Shots for this period are 5 for Americans vs 13 for Rampage.
Back to the Top